 Dungeon Crawl Stone Soup version 0.22.1-1-ga44c0e56f4 (webtiles) character file.

21 Jannitor the Caller (level 2, 0/24 HPs)
             Began as an Ogre Summoner on Sept 30, 2018.
             Slain by an ooze (4 damage)
             ... on level 1 of the Dungeon.
             The game lasted 00:02:59 (1270 turns).

Jannitor the Caller (Ogre Summoner)                 Turns: 1270, Time: 00:03:00

Health: 0/24       AC:  3    Str: 11    XL:     2   Next: 87%
Magic:  2/5        EV: 10    Int: 16    God:
Gold:   8          SH:  0    Dex:  9    Spells: 2/5 levels left

rFire    . . .     SeeInvis .   d - +0 dagger
rCold    . . .     Gourm    .   (no shield)
rNeg     . . .     Faith    .   a - +0 robe
rPois    .         Spirit   .   (helmet restricted)
rElec    .         Reflect  .   (no cloak)
rCorr    .         Harm     .   (gloves unavailable)
MR       .....                  (boots unavailable)
Stlth    +.........             (no amulet)
HPRegen  0.08/turn              (no ring)
MPRegen  0.09/turn              (no ring)

@: no status effects
A: large, unfitting armour, tough skin 1
a: no special abilities


You were on level 1 of the Dungeon.
You were hungry.

You visited 1 branch of the dungeon, and saw 2 of its levels.

You collected 8 gold pieces.

Inventory:

Hand Weapons
 d - a +0 dagger (weapon)
Armour
 a - a +0 robe (worn)
Scrolls
 b - a scroll of identify {unknown}
 f - a scroll of remove curse {unknown}
Comestibles
 c - 2 rations


   Skills:
 - Level 1.7 Dodging
 - Level 1.4 Stealth
 - Level 2.4 Spellcasting
 + Level 4.4 Summonings


You had 2 spell levels left.
You knew the following spells:

 Your Spells              Type           Power        Failure   Level  Hunger
a - Summon Small Mammal   Summ           ###.         3%          1    #......
b - Call Imp              Summ           ###.....     4%          2    ###....

Your spell library contained the following spells:

 Spells                   Type           Power        Failure   Level  Hunger
 Call Canine Familiar     Summ           ###.....     10%         3    ###....
 Summon Guardian Golem    Hex/Summ       #.......     24%         3    ###....
 Summon Ice Beast         Ice/Summ       #.......     63%         4    #####..
 Summon Lightning Spire   Summ/Air       #.......     63%         4    #####..


Dungeon Overview and Level Annotations

Branches:
Dungeon (2/15)

Altars:


Innate Abilities, Weirdness & Mutations

You are too large for most types of armour.
You have tough skin. (AC +1)


Message History

a stone; a club
Casting: Summon Small Mammal (safe; 3% risk of failure)
Confirm with . or Enter, or press ? or * to list all spells.
You are feeling hungry.
The ooze hits you. The kobold misses your bat.
Casting: Summon Small Mammal (safe; 3% risk of failure)
Confirm with . or Enter, or press ? or * to list all spells.
Your bat hits the ooze. The ooze barely misses you.
You hit the ooze but do no damage.
The ooze is heavily wounded.
Your bat hits the kobold. The kobold closely misses you. The ooze hits you.
* * * LOW HITPOINT WARNING * * *
Your bat barely misses the kobold.
Unknown command.
Your bat misses the kobold.
Your rat closely misses the kobold.
You hit the ooze but do no damage.
The ooze is heavily wounded.
Your bat misses the kobold. The kobold closely misses you. The ooze hits you.
You die...

.#.#.## #..........# #...<#..#
......# #..........# #.#.##..#
.#.#.## #..........####.##....##
......# #........(.............[
.#.#.########............#...####
......##......(...###.##...###
.#.#.#...##..)br### #.##.###
.....########..K.####.#..# ##
..#### ###...#J@...#...########.
.). #...###(....#.#..........
....### #.### #..........##..####
.......##.# #.#.#..........)..#
....##.#..#####.......((.######..
......................(..........
....##...............#.##..######
. ...............#.....###..#
#..##.........####...## ##.#####


You could see an ooze, a kobold, a friendly bat and a friendly rat.

Vanquished Creatures
  4 giant cockroaches (D:1)
  3 frilled lizards (D:1)
  2 goblins (D:1)
  A kobold (D:1)
  4 rats
14 creatures vanquished.

Vanquished Creatures (collateral kills)
  A dart slug (D:1)
  A giant cockroach (D:1)
  2 goblins (D:1)
  2 hobgoblins (D:1)
  A bat (D:1)
  3 kobolds (D:1)
  2 rats (D:1)
12 creatures vanquished.

Grand Total: 26 creatures vanquished

Notes
Turn   | Place    | Note
-------+----------+-------------------------------------------
     0 | D:1      | Jannitor the Ogre Summoner began the quest for the Orb.
     0 | D:1      | Reached XP level 1. HP: 16/16 MP: 3/3
   440 | D:1      | Reached skill level 4 in Summonings
   440 | D:1      | Reached XP level 2. HP: 18/24 MP: 3/5
   971 | D:1      | Learned a level 2 spell: Call Imp
  1270 | D:1      | Slain by an ooze

Skill      XL: |  1 |
---------------+----+-----
Summonings     | 4 |  4.4
Dodging        | |  1.7
Stealth        | |  1.4
Spellcasting   | |  2.4

Action                   || total
-------------------------++-------
Melee: Unarmed           ||    23
       Dagger            ||    85
 Cast: Summon Small Mamm ||    24
  Use: Potion            ||     1
  Eat: Chunk             ||     1
Armor: Robe              ||    43
Dodge: Dodged            ||    77
